 Dungeon Crawl Stone Soup version 0.28.0-45-g0d030f2227 (webtiles) character file.

Game seed: 15201689705212340946

2208 protoss039 the Geomancer (level 9, 0/52 HPs)
             Began as a Gargoyle Earth Elementalist on Apr 30, 2022.
             Was an Initiate of Vehumet.
             Slain by a vampire mosquito (1 damage)
             ... on level 6 of the Dungeon.
             The game lasted 00:22:20 (7267 turns).

protoss039 the Geomancer (GrEE)                     Turns: 7267, Time: 00:22:20

Health: 0/52       AC: 11    Str: 12    XL:     9   Next: 34%
Magic:  4/19       EV: 11    Int: 26    God:    Vehumet [......]
Gold:   376        SH:  0    Dex: 10    Spells: 13/22 levels left

rFire   + . .      SeeInvis +   E - +9 spear of Darkness {freeze, Fly}
rCold   + . .      Faith    .   (no shield)
rNeg    + . .      Spirit   .   c - +2 robe {rC+ rF+}
rPois   ∞          Reflect  .   (no helmet)
rElec   +          Harm     .   (no cloak)
rCorr   .          Rampage  .   (no gloves)
Will    .....                   d - +0 pair of boots
Stlth   ++........              (no amulet)
HPRegen 0.17/turn               f - +6 ring of intelligence
MPRegen 0.16/turn               k - ring of see invisible

@: flying, hasted, very quick
A: sickness immunity, AC +6, negative energy resistance 1, electricity
resistance, torment resistance 1, petrification resistance
a: Renounce Religion


You were on level 6 of the Dungeon.
You worshipped Vehumet.
Vehumet was noncommittal.
You visited 2 branches of the dungeon, and saw 7 of its levels.
You also visited: Sewer.

You collected 376 gold pieces.

Inventory:

Hand Weapons
 r - a +0 hand axe of electrocution
 E - the +9 spear of Darkness (weapon) {freeze, Fly}
   (You took it off a kobold on level 5 of the Dungeon)

   It freezes those it strikes, dealing additional cold damage.
   It can also slow down cold-blooded creatures.
   Fly:       It grants you flight.
Missiles
 u - 42 stones
 y - a throwing net
Armour
 c - a +2 robe of resistance (worn)
 d - a +0 pair of boots (worn)
 z - a +0 robe of willpower
Jewellery
 f - a +6 ring of intelligence (left hand)
 k - a ring of see invisible (right hand)
 x - a ring of flight
Wands
 t - a wand of flame (14)
Scrolls
 b - a scroll of fear
 e - a scroll of vulnerability {unknown}
 h - 2 scrolls of fog
 i - a scroll of enchant armour {unknown}
 j - 2 scrolls of teleportation
 m - a scroll of torment {unknown}
 p - a scroll of magic mapping {unknown}
 q - a scroll of identify
 s - a scroll of immolation {unknown}
 B - a scroll of enchant weapon {unknown}
Potions
 g - a potion of berserk rage {unknown}
 l - a potion of magic {unknown}
 n - a potion of brilliance {unknown}
 o - a potion of lignification
 v - a potion of heal wounds {unknown}
 w - a potion of flight {unknown}
 A - a potion of resistance {unknown}
 C - a potion of haste
 D - a potion of invisibility {unknown}
 F - a potion of curing {unknown}


   Skills:
 + Level 4.2 Fighting
 - Level 1.5 Dodging
 - Level 3.0 Stealth
 * Level 7.1 Spellcasting
 + Level 5.1 Conjurations
 - Level 1.0 Transmutations
 - Level 9.0 Earth Magic


You had 13 spell levels left.
You knew the following spells:

 Your Spells              Type           Power      Damage    Failure   Level
a - Sandblast             Erth           100%       2d20      1%          1
b - Passwall              Tmut/Erth      29%        N/A       1%          2
c - Stone Arrow           Conj/Erth      92%        3d12      1%          3
d - Mephitic Cloud        Conj/Pois/Air  18%        N/A       9%          3

Your spell library contained the following spells:

 Spells                   Type           Power      Damage    Failure   Level
 Magic Dart               Conj           100%       1d8       1%          1
 Petrify                  Tmut/Erth      35%        N/A       8%          4
 Call Imp                 Summ           9%         N/A       10%         2
 Summon Ice Beast         Ice/Summ       9%         N/A       52%         4
 Summon Mana Viper        Hex/Summ       9%         N/A       86%         5
 Monstrous Menagerie      Summ           4%         N/A       100%        7


Dungeon Overview and Level Annotations

Branches:
Dungeon (6/15)             Temple (1/1) D:6           Sewer (visited)

Altars:
Ashenzari
Cheibriados
Dithmenos
Elyvilon
Fedhas
Gozag
Hepliaklqana
Kikubaaqudgha
Nemelex Xobeh
Ru
Sif Muna
Trog
Uskayaw
Vehumet
Wu Jian
Xom
Yredelemnul
Zin
The Shining One

Shops:
D:3 [   D:4 !


Innate Abilities, Weirdness & Mutations

You are immune to sickness and miasma.
Your stone body is resilient. (AC +6)
You are immune to poison.
You resist negative energy. (rN+)
You are resistant to electric shocks. (rElec)
You are resistant to unholy torment.
You are immune to petrification.


Message History

You assume a fearsome visage.
The vampire mosquito is unaffected. x3
The orc looks frightened!
The orc priest looks frightened!
The hound looks frightened!
It was a scroll of fear.
The vampire mosquito bites you but does no damage. x2
The vampire mosquito bites you.
The vampire mosquito bites you but does no damage.
Okay, then.
Reach: E) +9 spear of Darkness {freeze, Fly}
Press: ? - help, Dir - move target, f - orc
Aim: an orc, wielding a +0 dagger (grey smoke, heavily wounded, fleeing, about 30% to evade the +9 spear of Darkness)
You closely miss the orc.
The orc is heavily wounded.
The vampire mosquito barely misses you.
The vampire mosquito bites you but does no damage.
The vampire mosquito bites you.
The vampire mosquito bites you but does no damage.
Unknown command.
Okay, then.
As you read the scroll labelled NYHAUSH HOITH, it crumbles to dust.
It is a scroll of identify.
a - a potion of cancellation The vampire mosquito bites you. x3; The vampire mosquito barely misses you.
Unknown command.
Your magical effects are unravelling.
You feel magically purged.
You feel less wooden.
Your +0 pair of boots unmelds from your body.
Your +2 robe of resistance unmelds from your body.
You feel resistant to extremes of temperature.
The vampire mosquito bites you.
* * * LOW HITPOINT WARNING * * *
The vampire mosquito bites you!
* * * LOW HITPOINT WARNING * * *
The vampire mosquito bites you but does no damage. x2
Unknown command.
Unknown command.
You feel yourself speed up.
The vampire mosquito bites you but does no damage.
The vampire mosquito barely misses you. The vampire mosquito bites you.
You die...

. ♣. ≈≈#≈≈≈≈#≈.# ... .
≈≈≈#≈≈≈≈.# >...
.≈#≈≈≈≈.... ....o####
.≈≈≈......###
♣ooyyy##......#.......
#@##.####.......#.
#####§##.##...#.P.P.#.
#.†.§§##.##.#.#..>.... #
#.##..##.##.#.#.P.P...
#.##.#...#...#.#.......#.
#...^).#.................
####.#...#...#.#######.##
#.######.##.#######.# #.#
#.##......[..#


You could see 3 vampire mosquitoes.

Vanquished Creatures
  Prince Ribbit (D:6)
  Grinder (D:5)
  Sigmund (D:3)
  A vampire mosquito (D:6)
  A water moccasin (Sewer)
  An ice beast (D:5)
  A sky beast (D:5)
  2 necrophages
  2 ogres (D:5)
  A black bear (D:5)
  2 centaurs
  2 water moccasin skeletons
  2 orc priests
  2 jellies
  A hound (D:4)
  A gnoll shaman (D:4)
  Jessica (D:3)
  An iguana (D:5)
  4 orc wizards
  A hound zombie (D:2)
  9 gnolls
  4 adders
  An adder zombie (D:2)
  An adder skeleton (D:2)
  A worm (D:5)
  2 dart slugs
  13 orcs
  10 bats
  2 bat skeletons (D:2)
  A bat zombie (D:2)
  10 endoplasms
  4 giant cockroaches
  3 goblins
  7 hobgoblins
  4 jackals (D:2)
  3 quokkas (D:5)
  3 ball pythons
  A ball python zombie (D:2)
  A frilled lizard (D:1)
  A giant cockroach zombie (D:2)
  6 kobolds
  2 quokka skeletons (D:2)
  A quokka zombie (D:2)
  4 rats
123 creatures vanquished.

Notes
Turn   | Place    | Note
-------+----------+-------------------------------------------
     0 | D:1      | protoss039 the Gargoyle Earth Elementalist began the quest
                  | for the Orb.
     0 | D:1      | Reached XP level 1. HP: 10/10 MP: 3/3
    84 | D:1      | Reached skill level 1 in Transmutations
   331 | D:1      | Reached XP level 2. HP: 11/15 MP: 5/5
   335 | D:1      | Reached skill level 4 in Earth Magic
   968 | D:2      | Learned a level 2 spell: Passwall
  1164 | D:2      | Reached XP level 3. HP: 19/19 MP: 2/7
  1691 | D:2      | Learned a level 3 spell: Stone Arrow
  1714 | D:2      | Reached XP level 4. HP: 24/24 MP: 5/8
  1786 | D:2      | Found a faded altar of an unknown god.
  2068 | D:2      | Reached skill level 5 in Earth Magic
  2662 | D:3      | Noticed Jessica
  2671 | D:3      | Killed Jessica
  2696 | D:3      | Reached XP level 5. HP: 28/28 MP: 7/10
  3368 | D:3      | Noticed Sigmund
  3375 | D:3      | Killed Sigmund
  3376 | D:3      | Reached skill level 6 in Earth Magic
  3376 | D:3      | Reached XP level 6. HP: 29/32 MP: 2/12
  3625 | D:3      | Found Qasurch's Armour Boutique.
  4327 | D:4      | Reached XP level 7. HP: 32/37 MP: 1/14
  4490 | D:4      | Reached skill level 1 in Fighting
  4490 | D:4      | Reached skill level 7 in Earth Magic
  4556 | D:4      | Reached skill level 1 in Conjurations
  4707 | D:4      | Found Tisuanen's Distillery.
  4860 | D:4      | Reached skill level 5 in Spellcasting
  5283 | D:4      | Learned a level 3 spell: Mephitic Cloud
  5284 | D:5      | Entered Level 5 of the Dungeon
  5429 | D:5      | Reached XP level 8. HP: 46/46 MP: 2/15
  5559 | D:5      | Found a glowing drain.
  5635 | Sewer    | Entered a sewer
  5766 | Sewer    | Reached skill level 8 in Earth Magic
  5968 | D:5      | Noticed Grinder
  6043 | D:5      | Killed Grinder
  6242 | D:5      | Identified the +9 spear of Darkness {freeze, Fly}
  6335 | D:5      | Reached XP level 9. HP: 50/51 MP: 11/18
  6595 | D:6      | Noticed Prince Ribbit
  6601 | D:6      | Killed Prince Ribbit
  6878 | D:6      | Found a staircase to the Ecumenical Temple.
  6890 | Temple   | Entered the Ecumenical Temple
  7120 | Temple   | Became a worshipper of Vehumet
  7151 | D:6      | Reached skill level 5 in Conjurations
  7247 | D:6      | Reached skill level 9 in Earth Magic
  7266 | D:6      | HP: 1/52 [vampire mosquito (9)]
  7267 | D:6      | Slain by a vampire mosquito

Illustrated notes

Levels and vault maps discovered:
D:1:      minmay_arrival_jagged, layout_rooms
D:2:      layout_basic, serial_undead, serial_undead_d, serial_undead_c,
          serial_undead_d, serial_undead_f, serial_undead_f, serial_undead_a,
          serial_undead_a, serial_undead_d, basic_ecumenical_altar
D:3:      layout_basic, serial_shops, nicolae_diamond_shop, uniq_jessica,
          uniq_sigmund
D:4:      layout_cave_pools, serial_shops, nicolae_diamond_shop
D:5:      layout_loops_cross, gup_sewer_entry_pipe, corexii_checkpoint_a,
          uniq_grinder
D:6:      layout_loops_corners, minmay_temple_entry_trees, grunt_ministairs_1,
          hellmonk_bongcloud_opening, nicolae_lava_and_water,
          uniq_prince_ribbit1
Temple:   mainiacjoe_temple_bowtie_tessellation

Skill      XL: |  1  2  3  4  5  6  7  8  9 |
---------------+----------------------------+-----
Transmutations | 1 |  1.0
Earth Magic    | 4 5 6 7 8 9 |  9.0
Spellcasting   | 3 4 5 6 7 |  7.1
Fighting       | 3 4 |  4.2
Conjurations   | 2 4 5 |  5.1
Stealth        | 3 |  3.0
Dodging        | |  1.5

Action                   |  1- 3 |  4- 6 |  7- 9 || total
-------------------------+-------+-------+-------++-------
Melee: Whip              |    14 |       |       ||    14
       Dagger            |    78 |   159 |       ||   237
       Punch             |       |     1 |     3 ||     4
       Hand axe          |       |     1 |    49 ||    50
       Spear             |       |       |     8 ||     8
 Cast: Sandblast         |    21 |    21 |    18 ||    60
       Stone Arrow       |       |    16 |    54 ||    70
       Passwall          |       |       |     4 ||     4
       Mephitic Cloud    |       |       |     4 ||     4
Evoke: Wand              |       |       |     9 ||     9
  Use: Scroll            |       |       |     4 ||     4
       Potion            |       |       |     3 ||     3
 Stab: Sleeping          |     2 |     4 |       ||     6
Armor: Robe              |    46 |    71 |    69 ||   186
       Skin              |       |       |    28 ||    28
Dodge: Dodged            |    59 |   109 |    95 ||   263
